 Dungeon Crawl Stone Soup version 0.27-a0-1312-g5cdb2b3542 (webtiles) character file.

Game seed: 10124867717303218512

51 barkas the Caller (level 3, -1/31 HPs)
             Began as a Naga Summoner on June 19, 2021.
             Slain by a gnoll (4 damage)
             ... on level 2 of the Dungeon.
             The game lasted 00:02:12 (2073 turns).

barkas the Caller (Naga Summoner)                   Turns: 2073, Time: 00:02:12

Health: -1/31      AC:  2    Str: 10    XL:     3   Next: 81%
Magic:  1/6        EV:  9    Int: 16    God:
Gold:   103        SH:  0    Dex: 11    Spells: 5/6 levels left

rFire    . . .     SeeInvis +   c - +0 whip
rCold    . . .     Faith    .   (no shield)
rNeg     . . .     Spirit   .   a - +0 robe
rPois    +         Reflect  .   (no helmet)
rElec    .         Harm     .   (no cloak)
rCorr    .         Rampage  .   (no gloves)
Will     .....                  (no barding)
Stlth    ++........             (no amulet)
HPRegen  0.10/turn              (no ring)
MPRegen  0.10/turn              (no ring)

@: short of breath, very slow
A: AC +1, large, see invisible, deformed body, poison resistance, slowness 2,
spit poison 1, naga tail 1
a: Spit Poison


You were on level 2 of the Dungeon.
You visited 1 branch of the dungeon, and saw 2 of its levels.

You collected 103 gold pieces.

Inventory:

Hand Weapons
 c - a +0 whip (weapon)
 e - a +0 quarterstaff
Missiles
 h - 8 boomerangs
Armour
 a - a +0 robe (worn)
Scrolls
 b - 2 scrolls of fog {unknown}
 d - 2 scrolls of identify {unknown}
 f - a scroll of teleportation {unknown}
 i - a scroll of magic mapping {unknown}
 j - a scroll of silence {unknown}
 k - a scroll of enchant armour {unknown}
Potions
 g - a potion of curing {unknown}
 l - a potion of degeneration {unknown}


   Skills:
 + Level 1.2 Fighting
 - Level 1.5 Dodging
 + Level 3.8 Stealth
 + Level 2.4 Spellcasting
 * Level 4.5 Summonings


You had 5 spell levels left.
You knew the following spells:

 Your Spells              Type           Power      Damage    Failure   Level
a - Summon Small Mammal   Summ           64%        N/A       3%          1

Your spell library contained the following spells:

 Spells                   Type           Power      Damage    Failure   Level
 Call Imp                 Summ           16%        N/A       4%          2
 Call Canine Familiar     Summ           16%        N/A       9%          3
 Summon Guardian Golem    Hex/Summ       9%         N/A       24%         3
 Summon Ice Beast         Ice/Summ       9%         N/A       61%         4
 Summon Lightning Spire   Summ/Air       9%         N/A       61%         4


Dungeon Overview and Level Annotations

Branches:
Dungeon (2/15)

Altars:
Nemelex Xobeh


Innate Abilities, Weirdness & Mutations

Your serpentine skin is tough. (AC +1)
You have supernaturally acute eyesight. (SInv)
Armour fits poorly on your strangely shaped body.
Your system is resistant to poisons. (rPois)
You cover ground very slowly.
You can spit poison.
You have a snake-like lower body.


Message History

The hobgoblin closely misses you. The gnoll barely misses your quokka.
You hit the hobgoblin.
The hobgoblin is severely wounded.
Your bat completely misses the hobgoblin.
Your bat barely misses the hobgoblin.
The hobgoblin closely misses you. The gnoll barely misses your quokka.
You hit the hobgoblin.
You kill the hobgoblin!
The gnoll hits your quokka with a +0 whip.
Your quokka bites the gnoll but does no damage.
You swap places.
Your quokka barely misses the gnoll.
The gnoll hits your quokka with a +0 whip.
Your quokka dies!
Your quokka's corpse disappears in a puff of smoke!
Things that are here:
a scroll labelled XOTIAC YLEZ; a hobgoblin corpse Your bat barely misses the gnoll.
The gnoll hits your bat with a +0 whip!
Your bat dies!
Your bat's corpse disappears in a puff of smoke!
Casting: Summon Small Mammal (safe; 3% risk of failure)
Confirm with . or Enter, or press ? or * to list all spells.
Casting: Summon Small Mammal (safe; 3% risk of failure)
Confirm with . or Enter, or press ? or * to list all spells.
Your bat barely misses the gnoll.
Your bat hits the gnoll.
Casting: Summon Small Mammal (safe; 3% risk of failure)
Confirm with . or Enter, or press ? or * to list all spells.
Your bat hits the gnoll. The gnoll completely misses you.
Your quokka barely misses the gnoll.
Press: ? - help, Shift-Dir - straight line, f/p - gnoll
Aim: a gnoll, wielding a +0 whip (moderately wounded, ally target)
The splash of poison misses the gnoll.
Your bat hits the gnoll but does no damage.
The gnoll hits you with a +0 whip.
* * * LOW HITPOINT WARNING * * *
Your quokka bites the gnoll but does no damage.
Unknown command.
Your bat closely misses the gnoll.
Your bat hits the gnoll but does no damage.
Your bat closely misses the gnoll.
The gnoll hits you with a +0 whip.
You die...

######........# ##.#.# #...
..............# #.#.# ##'#
..............#####...# #.#
K.....................#########.#
......#######........>........#.#
......# #.........#######.#.#
......# #.........# #.#.# ......#
#.rb......# #.#..
......#######.bg@.....# #.###
......'.....?....<##### #....
......############# ##### ##'####
# ##.# # ##.# # ##.# ############
##.# #..........# ##g#
#.########.#####


You could see a gnoll (ally target), a friendly quokka (summoned) and 2 friendly
bats.

Vanquished Creatures
  2 gnolls (D:2)
  2 dart slugs
  3 ball pythons
  2 endoplasms (D:1)
  2 goblins (D:2)
  4 hobgoblins
  3 kobolds
  A bat (D:1)
  3 frilled lizards
  4 rats
26 creatures vanquished.

Vanquished Creatures (collateral kills)
  A hobgoblin (D:1)
  4 bats
  A frilled lizard (D:1)
  A kobold (D:1)
  A rat (D:1)
8 creatures vanquished.

Grand Total: 34 creatures vanquished

Notes
Turn   | Place    | Note
-------+----------+-------------------------------------------
     0 | D:1      | barkas the Naga Summoner began the quest for the Orb.
     0 | D:1      | Reached XP level 1. HP: 15/15 MP: 3/3
   256 | D:1      | Reached XP level 2. HP: 9/24 MP: 3/5
  1478 | D:2      | Reached XP level 3. HP: 30/30 MP: 6/6
  1545 | D:2      | Found a sparkling altar of Nemelex Xobeh.
  1759 | D:2      | Reached skill level 1 in Fighting
  2024 | D:2      | HP: 1/31 [gnoll (10)]
  2073 | D:2      | Slain by a gnoll

Illustrated notes

Levels and vault maps discovered:
D:1:      pf_arrival_petrified_forest, layout_loops_ring, minmay_cupped
D:2:      layout_basic, hellmonk_ecumenical_altar_blasted, basic_altar,
          chequers_serial_rivers_micro_a, kennysheep_generic_room_15

Skill      XL: |  1  2  3 |
---------------+----------+-----
Fighting       | 1 |  1.2
Dodging        | |  1.5
Stealth        | |  3.8
Spellcasting   | |  2.4
Summonings     | |  4.5

Action                   || total
-------------------------++-------
Melee: Unarmed           ||     8
       Whip              ||    36
 Cast: Summon Small Mamm ||    28
 Abil: Spit Poison       ||    24
Armor: Robe              ||    22
Dodge: Dodged            ||    55

Table legend: (Time is in decaauts)
 A = Elapsed time spent in this place.
 B = Non-inter-level travel time spent in this place.
 C = Inter-level travel time spent in this place.
 D = Time resting spent in this place.
 E = Time spent auto-exploring this place.
 F = Levels seen in this place.
 G = Mean time per level.
                   A        B        C        D        E       F      G
               +--------+--------+--------+--------+--------+-----+--------+
         Total |   2504 |   2439 |     65 |     57 |   2046 |   2 | 1252.0 |
       Dungeon |   2504 |   2439 |     65 |     57 |   2046 |   2 | 1252.0 |
               +--------+--------+--------+--------+--------+-----+--------+

Top non-repeatable levels by time:
     D:1: 1599 daAuts
     D:2: 905 daAuts
